 Dungeon Crawl Stone Soup version 0.28-a0-245-g639a1a48b9 (webtiles) character file.

Game seed: 6245127557564083728

1040 Gobbopathe the Skirmisher (level 8, -6/64 HPs)
             Began as a Demonspawn Chaos Knight on Aug 24, 2021.
             Was a Plaything of Xom.
             Mangled by an ogre (31 damage)
             ... on level 5 of the Dungeon.
             The game lasted 00:17:06 (5185 turns).

Gobbopathe the Skirmisher (Demonspawn Chaos Knight) Turns: 5185, Time: 00:17:07

Health: -6/64      AC:  7    Str: 14    XL:     8   Next: 4%
Magic:  12/12      EV: 12    Int: 14    God:    Xom [...*..]
Gold:   184        SH:  0    Dex: 13    Spells: 11/12 levels left

rFire   . . .      SeeInvis .   a - +0 hand axe (chaos)
rCold   . . .      Faith    .   (no shield)
rNeg    . . .      Spirit   .   b - +2 leather armour
rPois   .          Reflect  .   (no helmet)
rElec   .          Harm     .   m - +0 cloak
rCorr   .          Rampage  .   (no gloves)
Will    .....                   (no boots)
Stlth   +.........              (no amulet)
HPRegen 0.20/turn               (no ring)
MPRegen 0.13/turn               (no ring)

@: no status effects
A: claws 2, hooves 1, foul stench 1, iridescent scales 1, deformed body,
screaming 1
a: Renounce Religion


You were on level 5 of the Dungeon.
You worshipped Xom.
You were a favourite toy of Xom.
You visited 1 branch of the dungeon, and saw 5 of its levels.

You collected 184 gold pieces.

Inventory:

Hand Weapons
 a - a +0 hand axe of chaos (weapon)
 l - a +3 quarterstaff of chaos
 u - a +0 war axe
Missiles
 o - 10 boomerangs (quivered)
 p - a throwing net
Armour
 b - a +2 leather armour (worn)
 m - a +0 cloak (worn)
Scrolls
 c - a scroll of amnesia {unknown}
 d - a scroll of enchant armour {unknown}
 e - 2 scrolls of holy word {unknown}
 f - a scroll of identify {unknown}
 h - a scroll of noise {unknown}
 k - 2 scrolls of teleportation {unknown}
 n - a scroll of immolation {unknown}
 q - a scroll of magic mapping {unknown}
 s - a scroll of blinking {unknown}
 t - a scroll of fog {unknown}
Potions
 g - 4 potions of heal wounds {unknown}
 i - a potion of berserk rage {unknown}
 j - a potion of cancellation {unknown}
 r - 3 potions of attraction {unknown}


   Skills:
 * Level 5.9 Fighting
 + Level 4.2 Axes
 + Level 3.7 Armour
 + Level 3.1 Dodging
 + Level 2.7 Spellcasting
 + Level 3.0 Poison Magic


You had 11 spell levels left.
You knew the following spells:

 Your Spells              Type           Power      Damage    Failure   Level
a - Sting                 Tmut/Pois      24%        1d4       14%         1

Your spell library contained the following spells:

 Spells                   Type           Power      Damage    Failure   Level
 Poisonous Vapours        Pois/Air       12%        N/A       22%         2
 Beastly Appendage        Tmut           2%         N/A       26%         1
 Wereblood                Tmut           1%         N/A       38%         2
 Spider Form              Tmut/Pois      3%         N/A       41%         3
 Olgreb's Toxic Radiance  Pois           10%        N/A       61%         4


Dungeon Overview and Level Annotations

Branches:
Dungeon (5/15)             Temple (0/1) D:4

Altars:
Ashenzari
Dithmenos
Kikubaaqudgha
Okawaru
Xom

Shops:
D:1 :   D:2 =   D:3 *


Innate Abilities, Weirdness & Mutations

You have very sharp fingernails.
You have large cloven feet.
You may rarely emit foul miasma when damaged in melee.
You are partially covered in iridescent scales. (AC +2)
Armour fits poorly on your strangely shaped body.
You occasionally shout uncontrollably at your foes.


Message History

You slash the ogre!
You kill the ogre!
The ogre turns into a zombie!
Your Poison Magic skill increases to level 3!
You have reached level 8!
You feel agile.
Your demonic ancestry asserts itself...
Your fingernails sharpen.
You swap places.
Found an ancient bone altar of Kikubaaqudgha.
Magic restored.
Found an orange potion.
An ogre comes into view. It is wielding a +0 giant spiked club.
The ogre shouts!
The ogre moves out of view.
Your ogre zombie crumbles into dust!
You see here an orange potion.
r - 3 orange potions (gained 1)
You barely miss the ogre. Your kick misses the ogre.
The ogre hits you with a +0 giant spiked club!
You hit the ogre.
The ogre seems to slow down.
You kick the ogre.
The ogre is moderately wounded.
You completely miss the ogre.
The ogre is moderately wounded.
The ogre misses you.
You barely miss the ogre. You kick the ogre.
The ogre is heavily wounded.
The ogre misses you.
You hit the ogre but do no damage. You kick the ogre, but do no damage.
The ogre is heavily wounded.
The ogre is no longer moving slowly.
You closely miss the ogre. You kick the ogre, but do no damage.
The ogre is heavily wounded.
The ogre hits you with a +0 giant spiked club!!
You hit the ogre. You burn the ogre.
The ogre is severely wounded.
The ogre hits you with a +0 giant spiked club!
You hit the ogre.
The ogre easily resists.
The ogre is severely wounded.
The ogre hits you with a +0 giant spiked club!!
You die...

#### #######....##.
#.....#.......
#............ #
#.....##...##...# ...
#...........#...#
.....##...).⌠.........##
......O@..#...≈≈≈≈.....#
..........##..≈≈≈≈.....
##...###..##...≈≈≈≈.#.#
#.. ##.#..≈≈≈≈≈..#.##
#.. #.#.≈........... #.
..#._.....⌠..... #
..#....##.......
#.########.#....
...##...


You could see an ogre.

Vanquished Creatures
  Pikel (D:4)
  2 ogres
  2 lemures (D:4)
  A phantom (D:5)
  Crazy Yiuf (D:2)
  A gnoll shaman (D:4)
  2 iguanas (D:4)
  2 orc wizards (D:4)
  A hound skeleton (D:4)
  2 gnolls
  3 adders
  A worm (D:4)
  5 dart slugs
  10 orcs (D:4)
  7 bats
  8 endoplasms
  5 giant cockroaches
  7 hobgoblins
  4 jackals (D:1)
  4 quokkas
  8 ball pythons
  4 frilled lizards
  15 goblins
  6 kobolds
  3 rats
105 creatures vanquished.

Vanquished Creatures (collateral kills)
  An orc warrior (D:4)
  A gnoll (D:4)
2 creatures vanquished.

Vanquished Creatures (others)
  A fungus (D:1)
  3 plants (D:1)
4 creatures vanquished.

Grand Total: 111 creatures vanquished

Notes
Turn   | Place    | Note
-------+----------+-------------------------------------------
     0 | D:1      | Gobbopathe the Demonspawn Chaos Knight began the quest for
                  | the Orb.
     0 | D:1      | Reached XP level 1. HP: 18/18 MP: 1/1
    44 | D:1      | Reached skill level 1 in Dodging
   111 | D:1      | Gained mutation: You have sharp fingernails. [demonic
                  | ancestry]
   111 | D:1      | Reached XP level 2. HP: 24/24 MP: 2/2
   122 | D:1      | Found Quicasuppu's Book Shop.
   201 | D:1      | XOM: cloud trail
   205 | D:1      | XOM: silly message
   208 | D:1      | Learned a level 1 spell: Sting
   637 | D:1      | XOM: divination: detect items
   783 | D:1      | Found a faded altar of an unknown god.
  1024 | D:2      | XOM: noise
  1029 | D:2      | Reached XP level 3. HP: 29/29 MP: 3/3
  1067 | D:2      | XOM: noise
  1106 | D:2      | Found a shadowy altar of Dithmenos.
  1243 | D:2      | XOM: silly message
  1444 | D:2      | Gained mutation: You have large cloven feet. [demonic
                  | ancestry]
  1444 | D:2      | Reached XP level 4. HP: 37/37 MP: 5/5
  1482 | D:2      | Found Wiabrept's Jewellery Emporium.
  1860 | D:2      | Found a runed translucent door.
  1861 | D:2      | Noticed Crazy Yiuf
  1867 | D:2      | Killed Crazy Yiuf
  1955 | D:2      | XOM: cloud trail
  1999 | D:2      | XOM: 3-stop teleportation journey
  2049 | D:3      | Reached skill level 1 in Spellcasting
  2049 | D:3      | Found Deen's Assorted Antiques.
  2121 | D:3      | Reached skill level 4 in Fighting
  2205 | D:3      | XOM: scenery: summon butterflies
  2302 | D:3      | XOM: give mutation
  2302 | D:3      | Gained mutation: You are partially covered in iridescent
                  | scales. (AC +2) [Xom's grace]
  2499 | D:3      | XOM: give mutations
  2499 | D:3      | Gained mutation: You occasionally shout uncontrollably at
                  | your foes. [Xom's mischief]
  2499 | D:3      | Gained mutation: Armour fits poorly on your strangely
                  | shaped body. [Xom's mischief]
  2555 | D:3      | Reached skill level 1 in Poison Magic
  2674 | D:3      | XOM: scenery: summon butterflies
  2694 | D:3      | Found an iron altar of Okawaru.
  2724 | D:3      | Gained mutation: You may rarely emit foul miasma when
                  | damaged in melee. [demonic ancestry]
  2724 | D:3      | Reached XP level 5. HP: 26/42 MP: 6/6
  2792 | D:3      | XOM: scenery: create altars
  3115 | D:4      | Noticed an ogre
  3122 | D:4      | Killed an ogre
  3281 | D:4      | XOM: 1-stop teleportation journey
  3387 | D:4      | XOM: 2-stop teleportation journey
  3395 | D:4      | XOM: scenery: summon butterflies
  3445 | D:4      | Reached XP level 6. HP: 25/49 MP: 8/8
  3959 | D:4      | Noticed Pikel
  3972 | D:4      | XOM: potion effect (berserk rage)
  3980 | D:4      | XOM: divination: magic mapping
  3985 | D:4      | Killed Pikel
  3986 | D:4      | Reached skill level 5 in Fighting
  3986 | D:4      | Reached XP level 7. HP: 43/56 MP: 8/10
  4269 | D:4      | Found a broken altar of Ashenzari.
  4269 | D:4      | XOM: 8-stop teleportation journey
  4284 | D:4      | XOM: cast spell 'Statue Form'
  4297 | D:4      | XOM: cast spell 'Summon Hydra'
  4510 | D:4      | Found a staircase to the Ecumenical Temple.
  4595 | D:4      | XOM: divination: detect creatures
  4942 | D:5      | Entered Level 5 of the Dungeon
  5135 | D:5      | Gained mutation: You have very sharp fingernails. [demonic
                  | ancestry]
  5135 | D:5      | Reached XP level 8. HP: 57/64 MP: 10/12
  5139 | D:5      | Found an ancient bone altar of Kikubaaqudgha.
  5185 | D:5      | Mangled by an ogre

Illustrated notes

Levels and vault maps discovered:
D:1:      dpeg_arrival_solitude, layout_rooms, serial_shops, shop,
          shapermc_ecumenical_altar_mp_urbaneastern
D:2:      layout_basic, basic_altar, serial_shops, nicolae_shop_crystal,
          chequers_serial_rivers_room_b, uniq_crazy_yiuf_cottage
D:3:      layout_rooms, lemuel_tele_altar, serial_shops, shop,
          minmay_goblin_outpost
D:4:      layout_gridville, ashenzari_altar_1,
          minmay_temple_entry_enclosed_plants, grunt_ministairs_10, uniq_pikel
D:5:      layout_gridville, kiku_gazebo_pond_becter, uniq_eustachio,
          uniq_menkaure

Skill      XL: |  1  2  3  4  5  6  7 |
---------------+----------------------+-----
Dodging        | 1 2 3 |  3.1
Armour         | 2 3 |  3.7
Axes           | 3 4 |  4.2
Spellcasting   | 1 2 |  2.7
Fighting       | 4 5 |  5.9
Poison Magic   | 1 2 3 |  3.0

Action                   |  1- 3 |  4- 6 |  7- 9 || total
-------------------------+-------+-------+-------++-------
Melee: Hand axe          |   106 |   150 |    85 ||   341
       Kick              |       |    31 |    19 ||    50
Throw: Boomerang         |       |     4 |     3 ||     7
 Stab: Sleeping          |     1 |       |       ||     1
       Paralysed         |       |     1 |       ||     1
Armor: Leather armour    |    42 |    48 |    27 ||   117
       Skin              |       |       |    30 ||    30
Dodge: Dodged            |    56 |    89 |    69 ||   214

Table legend: (Time is in decaauts)
 A = Elapsed time spent in this place.
 B = Non-inter-level travel time spent in this place.
 C = Inter-level travel time spent in this place.
 D = Time resting spent in this place.
 E = Time spent auto-exploring this place.
 F = Levels seen in this place.
 G = Mean time per level.
                   A        B        C        D        E       F      G
               +--------+--------+--------+--------+--------+-----+--------+
         Total |   5249 |   5137 |    112 |   1583 |   2532 |   5 | 1049.8 |
       Dungeon |   5249 |   5137 |    112 |   1583 |   2532 |   5 | 1049.8 |
               +--------+--------+--------+--------+--------+-----+--------+

Top non-repeatable levels by time:
     D:4: 1721 daAuts
     D:3: 1222 daAuts
     D:2: 1193 daAuts
     D:1: 865 daAuts
     D:5: 246 daAuts
